Map: Sequencer LE

Players

Ziggy - Winner!

  • Race: Terran Terran
  • Spawn Location: 1:00

Slowstupid

  • Race: Protoss Protoss
  • Spawn Location: 7:00

Event: WCS Valencia 2017

VOD

Have the link to the VOD?

Description

Time

  • Played on: July 13, 2017, 6:56 a.m.
  • Length: 5:04

All games in this series

Show
View Real Time Build Order
Export as new Build Order

Ziggy Terran - Winner!

Build Orders: Cyclone Opening 

Get SALT Encoding   

  12  0:00  SCV  
  13  0:12  SCV  
  14  0:18  Supply Depot  
  14  0:25  SCV  
  15  0:30  Refinery  
  15  0:44  Barracks  
  15  0:48  SCV  
  16  0:55  Refinery  
  16  1:00  SCV  
  17  1:12  SCV  
  18  1:31  Orbital Command, Reaper  
  19  1:37  Factory  
  19  1:51  Supply Depot  
  19  1:56  SCV  
  20  2:03  Reaper  
  21  2:09  SCV  
  22  2:21  SCV  
  23  2:30  Cyclone  
  23  2:33  Starport  
  23  2:34  SCV  
  27  2:42  Supply Depot  
  27  2:46  SCV  
  28  3:06  SCV  
  28  3:10  Starport Tech Lab  
  29  3:19  Command Center  
  29  3:28  Cloaking Field  
  29  3:30  Banshee  
  29  3:33  Factory Reactor  
  32  3:36  SCV  
  33  3:48  SCV  
  34  3:49  Supply Depot  
  34  4:00  SCV  
  35  4:12  SCV  
  35  4:13  Cyclone x2, Banshee  
  45  4:24  SCV  
  46  4:33  Orbital Command  
  46  4:36  SCV  
  47  4:48  Command Center  
Show
View Real Time Build Order
Export as new Build Order

Slowstupid Protoss 

Build Orders:  

Get SALT Encoding   

  12  0:01  Probe (Chrono Boost)  
  13  0:11  Probe (Chrono Boost)  
  14  0:17  Pylon  
  14  0:22  Probe (Chrono Boost)  
  15  0:37  Gateway  
  15  0:39  Probe (Chrono Boost)  
  16  0:48  Assimilator  
  16  0:49  Probe (Chrono Boost)  
  17  1:00  Probe (Chrono Boost)  
  18  1:10  Probe (Chrono Boost)  
  19  1:21  Probe (Chrono Boost)  
  19  1:24  Cybernetics Core  
  20  1:31  Pylon, Probe (Chrono Boost)  
  21  1:42  Probe (Chrono Boost)  
  22  1:52  Probe (Chrono Boost)  
  23  1:58  Nexus  
  23  2:12  Mothership Core (Chrono Boost)  
  23  2:24  Stalker  
  24  2:30  Probe (Chrono Boost)  
  24  2:37  Warp Gate  
  24  2:40  Probe (Chrono Boost)  
  25  2:51  Probe (Chrono Boost)  
  24  3:02  Probe (Chrono Boost)  
  25  3:12  Probe (Chrono Boost)  
  24  3:13  Stalker  
  24  3:15  Probe (Chrono Boost)  
  24  3:18  Pylon  
  27  3:23  Probe (Chrono Boost)  
  27  3:25  Probe (Chrono Boost)  
  29  3:33  Probe (Chrono Boost)  
  29  3:36  Probe (Chrono Boost), Assimilator  
  30  3:44  Probe (Chrono Boost)  
  30  3:47  Probe (Chrono Boost)  
  31  3:54  Probe (Chrono Boost)  
  32  3:56  Probe (Chrono Boost), Stalker (Chrono Boost)  
  33  4:06  Probe x2  
  35  4:16  Probe  
  34  4:18  Probe  
  36  4:27  Probe  
  36  4:30  Probe  
  36  4:37  Probe  
  35  4:39  Forge  
  35  4:41  Sentry (Chrono Boost)  
  35  4:42  Probe  
  35  4:44  Gateway  
  39  4:48  Probe  
  39  4:59  Robotics Facility  
Tags
 
Add a new tag
Caveats
  • Supply blocks, unpowered buildings, or Contaminate may cause inaccurate times.
  • Supply counts are checked every 10 seconds.